 Dungeon Crawl Stone Soup version 0.18-a0-1171-ga8e22e7 (webtiles) character file.

123 gorblad the Skirmisher (level 5, -2/46 HPs)
             Began as a Hill Orc Fighter on Jan 26, 2016.
             Slain by Duffy's ghost (6 damage)
             ... on level 3 of the Dungeon.
             The game lasted 00:05:51 (2930 turns).

gorblad the Skirmisher (Hill Orc Fighter)           Turns: 2930, Time: 00:05:51

Health: -2/46      AC:  8    Str: 20    XL:     5   Next: 7%
Magic:  5/5        EV:  8    Int:  8    God:
Gold:   139        SH:  9    Dex: 10    Spells: 0 memorised, 4 levels left

rFire  . . .     SeeInvis .     a - +0 war axe
rCold  + . .     Gourm    .     b - +0 scale mail
rNeg   . . .     Faith    .     c - +0 shield
rPois  .         Spirit   .     r - +0 helmet
rElec  .         Dismiss  .     (no cloak)
rCorr  .         Reflect  .     (no gloves)
SustAt .         Harm     .     (no boots)
MR     +....                    (no amulet)
Stlth  ..........               n - ring of protection from cold
                                g - ring of protection from magic

@: somewhat resistant to hostile enchantments, extremely unstealthy
A: no striking features
a: no special abilities


You were on level 3 of the Dungeon.
You were not hungry.

You visited 1 branch of the dungeon, and saw 3 of its levels.

You collected 139 gold pieces.

Inventory:

Hand Weapons
 a - a +0 war axe (weapon)
Armour
 b - a +0 scale mail (worn)
 c - a +0 shield (worn)
 r - a +0 helmet (worn)
Jewellery
 g - a ring of protection from magic (left hand)
 n - a ring of protection from cold (right hand)
Wands
 d - a wand of enslavement (9/24)
 v - a wand of frost (18/48)
 y - a wand of flame (17/48)
Scrolls
 h - 2 scrolls of blinking
Potions
 k - a potion of lignification {unknown}
 l - a potion of beneficial mutation {unknown}
 t - a potion of poison {unknown}
 u - a potion of brilliance {unknown}
 w - a potion of invisibility {unknown}
Books
 x - a book of Callings

   Spells                             Type                      Level
   a - Summon Small Mammal            Summoning                    1
   b - Call Imp                       Summoning                    2
   c - Call Canine Familiar           Summoning                    3
   d - Summon Guardian Golem          Hexes/Summoning              3
   e - Summon Lightning Spire         Summoning/Air                4
   f - Summon Ice Beast               Ice/Summoning                4
Comestibles
 f - 3 bread rations


   Skills:
 + Level 4.2 Fighting
 + Level 3.5 Axes
 + Level 4.2 Armour
 + Level 1.3 Dodging
 + Level 4.1 Shields


You had 4 spell levels left.
You didn't know any spells.

Dungeon Overview and Level Annotations

Branches:
Dungeon (3/15)

Altars:
Xom

Annotations:
D:3 Duffy's ghost, amateur MiTm


Message History

Duffy's ghost is heavily damaged.
Duffy's ghost hits you. Duffy's ghost barely misses you.
You slash Duffy's ghost!
Duffy's ghost is severely damaged.
Duffy's ghost barely misses you.
You closely miss Duffy's ghost.
Duffy's ghost is severely damaged.
Duffy's ghost hits you.
* * * LOW HITPOINT WARNING * * *
Your scale mail prevents you from hitting Duffy's ghost.
Duffy's ghost is severely damaged.
You block Duffy's ghost's attack. Duffy's ghost hits you!
* * * LOW HITPOINT WARNING * * *
You completely miss Duffy's ghost.
Duffy's ghost is severely damaged.
Duffy's ghost closely misses you.
You hit Duffy's ghost.
Duffy's ghost is almost destroyed.
Duffy's ghost hits you.
You die...

##.#.## ......#
#.##..##.## #.....###
.......##.#..รท##.##
#.#......+
.......'...........
#.....####
.......##........##
#.##.## ......#
####..##### #.# ##
.....# ##.# # #.# #...#
#.# # #.# ##+# #.# #.#
#@# ########.# #.# #W#
#........# #.#
#########h###.######## #
#.# #.......<..##.# #
#.# #...........#.### #
###.####..####.........#
#
.......#..####...#.###.#
# ###...<............#
#.# # #
####.#..####...#.###.# #


You could see Duffy's ghost and a jackal.

Vanquished Creatures
  Robin (D:2)
  4 adders
  2 worms (D:2)
  3 giant geckos
  3 ball pythons
  5 giant cockroaches
  18 goblins
  10 hobgoblins
  A jackal (D:3)
  7 kobolds
  4 bats
  2 giant newts
  3 rats
63 creatures vanquished.

Notes
Turn   | Place    | Note
--------------------------------------------------------------
     0 | D:1      | gorblad the Hill Orc Fighter began the quest for the Orb.
     0 | D:1      | Reached XP level 1. HP: 19/19 MP: 1/1
   167 | D:1      | Reached XP level 2. HP: 13/27 MP: 2/2
   384 | D:1      | Reached skill level 4 in Fighting
   792 | D:1      | Reached XP level 3. HP: 33/33 MP: 3/3
  1751 | D:2      | Reached XP level 4. HP: 37/40 MP: 4/4
  1801 | D:2      | Noticed Robin
  1825 | D:2      | Killed Robin
  1825 | D:2      | Reached skill level 1 in Dodging
  1864 | D:2      | Found a shimmering altar of Xom.
  2574 | D:3      | HP: 2/40 [poisoned by an adder]
  2575 | D:3      | Noticed Duffy's ghost (amateur MiTm)
  2582 | D:3      | HP: 2/40 [adder (1)]
  2588 | D:3      | Reached XP level 5. HP: 2/46 MP: 5/5
  2930 | D:3      | Slain by Duffy's ghost

Vault maps used:
D:1:      sevenhm_arrival_forest_fort_small_6, grunt_decor_one_mirror
D:2:      minmay_misc_feat_doors, xom_teletrap_fun, uniq_robin
D:3:      first_bread

Action                   |  1- 3 |  4- 6 || total
-------------------------+-------+-------++-------
Melee: War axe           |   135 |   151 ||   286
  Use: Potion            |     2 |     4 ||     6
       Scroll            |     1 |     6 ||     7
  Eat: Chunk             |     3 |     3 ||     6
       Bread ration      |       |     1 ||     1
